Map: Defender's Landing LE

Players

bolognesi - Winner!

  • Race: Zerg Zerg
  • League: Silver
  • Spawn Location: 1:00

Whiskydog

  • Race: Terran Terran
  • League: Silver
  • Spawn Location: 7:00

VOD

Have the link to the VOD?

Description

Time

  • Played on: June 3, 2017, 5:55 p.m.
  • Length: 11:45
Show
View Real Time Build Order
Export as new Build Order

bolognesi Zerg - Winner!

Build Orders: Pool First, Muta Ling Bane 

Get SALT Encoding   

  12  0:20  Spawning Pool  
  11  0:22  Drone  
  11  0:27  Drone  
  13  0:31  Drone  
  14  0:40  Overlord  
  14  0:51  Drone, Extractor  
  14  1:05  Drone  
  14  1:06  Queen  
  14  1:09  Drone  
  18  1:17  Drone  
  19  1:30  Drone, Extractor  
  19  1:40  Extractor  
  18  1:56  Drone x2, Baneling Nest  
  19  2:04  Drone  
  19  2:07  Queen  
  22  2:16  Overlord  
  22  2:48  Hatchery  
  22  2:49  Zergling x4  
  24  2:51  Zergling x2  
  24  3:01  Drone x2  
  26  3:06  Drone  
  26  3:10  Drone  
  28  3:19  Drone  
  29  3:24  Overlord  
  29  3:43  Lair  
  29  3:44  Drone  
  29  3:45  Drone  
  29  3:47  Drone  
  32  4:00  Drone x2  
  34  4:09  Drone  
  35  4:14  Spine Crawler  
  34  4:17  Spine Crawler  
  33  4:25  Spine Crawler  
  33  4:27  Drone x2  
  34  4:33  Drone x3  
  37  4:39  Drone x2  
  37  4:40  Drone x2  
  41  4:59  Drone x2  
  43  5:02  Extractor  
  43  5:03  Extractor  
  41  5:12  Spire  
  40  5:14  Zergling x4  
  40  5:15  Zergling x4  
  40  5:16  Overlord  
  40  5:18  Baneling x2  
  40  5:19  Baneling x3  
  44  5:34  Drone x3  
  47  5:58  Overlord x2  
  47  6:10  Baneling x6  
  47  6:11  Baneling  
  47  6:13  Centrifical Hooks  
  47  6:17  Zergling x8  
  47  6:18  Zergling x2  
  52  6:21  Drone x3  
  55  6:28  Hatchery  
  54  6:33  Pneumatized Carapace  
  54  6:39  Zergling x6  
  57  6:41  Baneling x4  
  57  6:42  Baneling x4  
  57  6:48  Zergling x6  
  57  6:50  Overlord  
  60  7:04  Overseer  
  60  7:10  Zergling x6  
  63  7:19  Evolution Chamber  
  63  7:20  Evolution Chamber  
  61  7:25  Roach Warren  
  61  7:27  Overseer  
  60  7:31  Drone x4  
  60  7:32  Drone x2  
  66  7:39  Zerg Flyer Weapons Level 1  
  66  7:48  Zerg Melee Weapons Level 1  
  66  7:50  Zerg Ground Armor Level 1  
  66  7:58  Spore Crawler  
  65  8:01  Mutalisk x2  
  65  8:03  Mutalisk, Spore Crawler  
  70  8:08  Drone x2  
  72  8:20  Baneling x2  
  72  8:21  Baneling x6  
  72  8:22  Baneling x2  
  58  9:15  Baneling x3  
  58  9:16  Baneling x6  
  58  9:17  Baneling x3  
  57  9:20  Roach x4  
  57  9:22  Overlord x4  
  57  9:23  Overlord  
  65  9:33  Drone, Zerg Flyer Armor Level 1  
  66  9:40  Roach x2  
  66  9:41  Roach  
  72  9:49  Zergling x4  
  74  9:57  Glial Reconstitution  
  74  10:07  Zergling x8  
  78  10:16  Baneling x4  
  78  10:21  Mutalisk x6  
  90  10:30  Drone x2  
  90  10:31  Drone  
  93  10:45  Queen  
  93  10:48  Roach x5  
  105  10:55  Hydralisk Den  
  104  10:58  Baneling x2  
  104  10:59  Baneling x6  
Show
View Real Time Build Order
Export as new Build Order

Whiskydog Terran 

Build Orders:  

Get SALT Encoding   

  12  0:03  SCV  
  13  0:19  Supply Depot, SCV  
  14  0:32  SCV  
  15  0:44  Barracks  
  15  0:47  SCV  
  16  0:58  Supply Depot  
  16  0:59  Supply Depot  
  16  1:12  SCV  
  17  1:24  SCV  
  18  1:35  Engineering Bay  
  18  1:36  SCV  
  18  1:38  Marine  
  20  2:00  Marine  
  21  2:08  Barracks  
  21  2:18  Marine  
  21  2:20  SCV  
  23  2:30  Command Center  
  23  2:32  SCV  
  24  2:44  SCV  
  25  2:56  Barracks  
  25  2:57  Barracks  
  25  3:02  Marine  
  25  3:03  Marine  
  27  3:12  Supply Depot  
  27  3:20  Marine  
  27  3:25  Marine  
  29  3:29  SCV  
  30  3:38  Marine  
  32  3:41  SCV  
  32  3:43  Marine  
  33  3:51  Missile Turret  
  33  3:56  Marine  
  34  4:03  Missile Turret  
  34  4:07  Missile Turret x3  
  34  4:08  Marine x2  
  34  4:09  Marine  
  37  4:14  Marine  
  38  4:21  Orbital Command  
  38  4:26  Marine x3  
  38  4:28  Orbital Command  
  41  4:31  Marine  
  42  4:46  Supply Depot x2, Marine  
  42  4:47  Marine  
  44  4:58  Orbital Command  
  44  5:23  Marine x2  
  44  5:25  Marine x2  
  48  5:35  Supply Depot, SCV x2  
  49  5:36  Supply Depot x2  
  49  5:38  Supply Depot  
  49  5:41  Marine x2  
  52  5:43  Marine x2  
  52  5:47  SCV  
  55  6:00  SCV  
  55  6:01  SCV  
  55  6:02  Marine x2  
  55  6:03  Marine x2  
  61  6:16  SCV x2  
  63  6:20  Marine x3  
  63  6:21  Marine  
  67  6:28  SCV x2  
  69  6:38  Marine x4  
  73  6:52  SCV x2  
  75  6:56  Marine x4  
  79  7:04  SCV  
  80  7:11  SCV  
  81  7:28  Command Center  
  81  7:36  Marine x2  
  81  7:37  Marine x2  
  85  7:45  Barracks x2  
  85  7:49  Barracks  
  85  7:54  Marine x3  
  85  7:55  Marine  
  89  8:12  Marine  
  90  8:22  Marine x3  
  93  8:30  Marine  
  94  8:35  Marine  
  94  8:36  Marine x2  
  94  8:39  Marine  
  94  8:40  Marine x2  
  100  8:48  Marine  
  101  8:53  Marine x2  
  101  8:54  Marine  
  101  8:55  SCV x3  
  107  8:57  Marine  
  107  8:58  Marine x2  
  68  9:05  Marine  
  68  9:07  SCV x2  
  60  9:11  Marine x3  
  60  9:15  Marine x3  
  64  9:23  Marine  
  65  9:29  Marine x3  
  68  9:33  Marine x3  
  71  9:41  Marine  
  71  9:43  Orbital Command  
  72  9:47  Marine x3, SCV x2  
  72  9:51  Marine x3  
  80  9:54  Barracks x2  
  80  9:59  Barracks, Marine, SCV  
  82  10:04  Marine  
  82  10:05  Marine x2  
  85  10:08  SCV  
  85  10:09  Marine x3  
  85  10:11  SCV  
  90  10:17  Marine  
  90  10:20  SCV x2  
  93  10:22  Marine x2  
  93  10:23  Marine, SCV  
  93  10:26  Marine  
  93  10:27  Marine  
  99  10:32  SCV  
  100  10:38  Command Center  
  100  10:42  Marine x6  
  104  10:43  Marine  
  104  10:44  Marine x2  
  109  10:58  Marine  
  109  10:59  Marine  
  109  11:00  Marine x6  
  109  11:01  Command Center  
  117  11:10  Marine x2  
  119  11:16  Marine  
  119  11:17  Supply Depot x2, Marine x2  
  119  11:18  Marine  
  123  11:20  Supply Depot  
  123  11:21  Supply Depot x2  
  123  11:23  Supply Depot  
Tags
 
Composition
Muta Ling Bane
Matchup
TvZ
Opening
Pool First
Replay Pack
SIII
Spawn Locations
Cross Positions
Add a new tag
Caveats
  • Supply blocks, unpowered buildings, or Contaminate may cause inaccurate times.
  • Supply counts are checked every 10 seconds.